Map: King's Cove LE

Players

Mez

  • Race: Protoss Protoss
  • League: Master
  • Spawn Location: 11:00

Saewyll - Winner!

  • Race: Terran Terran
  • Spawn Location: 5:00

VOD

Have the link to the VOD?

Description

Time

  • Played on: Aug. 17, 2019, 3:43 a.m.
  • Length: 5:58
Show
View Real Time Build Order
Export as new Build Order

Mez Protoss 

Build Orders: 1 Gate Expand 

Get SALT Encoding   

  12  0:00  Probe  
  13  0:13  Probe  
  14  0:20  Pylon  
  14  0:25  Probe  
  15  0:35  Probe  
  15  0:39  Gateway  
  16  0:43  Probe  
  17  0:52  Probe  
  18  0:59  Assimilator  
  18  1:04  Probe  
  19  1:27  Nexus  
  19  1:37  Cybernetics Core  
  19  1:41  Probe  
  20  1:48  Pylon  
  20  1:53  Probe  
  21  1:58  Assimilator  
  21  2:04  Stalker  
  21  2:05  Probe  
  22  2:14  Warp Gate  
  24  2:19  Probe  
  25  2:26  Stalker  
  25  2:29  Pylon  
  25  2:31  Probe  
  28  2:37  Probe  
  28  2:43  Probe  
  30  2:45  Probe  
  31  2:55  Probe  
  31  2:57  Robotics Facility  
  32  3:05  Probe  
  33  3:06  Probe  
  34  3:14  Probe  
  34  3:17  Probe  
  34  3:19  Stalker  
  38  3:22  Probe  
  39  3:29  Probe  
  40  3:34  Probe  
  40  3:41  Probe  
  41  3:52  Pylon  
  42  4:00  Pylon  
  23  4:19  Stalker  
  18  4:43  Stalker  
  12  5:22  Nexus  
  12  5:41  Pylon  
Show
View Real Time Build Order
Export as new Build Order

Saewyll Terran - Winner!

Build Orders:  

Get SALT Encoding   

  12  0:01  SCV  
  13  0:13  SCV  
  14  0:19  Supply Depot  
  14  0:25  SCV  
  15  0:34  Supply Depot  
  15  0:40  SCV  
  16  0:47  Supply Depot  
  16  0:53  SCV  
  17  1:03  Supply Depot  
  17  1:05  SCV  
  18  1:22  Barracks  
  18  1:30  Barracks  
  18  1:36  SCV  
  19  1:45  Barracks  
  19  2:10  Marine, Barracks  
  20  2:17  Marine  
  20  2:19  Barracks  
  21  2:28  Marine  
  22  2:32  Marine  
  22  2:33  Supply Depot  
  22  2:34  Marine  
  24  2:46  Marine  
  24  2:49  Marine  
  26  2:52  Marine  
  26  2:57  Supply Depot  
  27  2:58  Marine  
  27  3:04  Marine  
  29  3:07  Marine  
  29  3:08  Marine  
  29  3:10  Marine  
  32  3:16  Marine  
  33  3:22  Marine  
  33  3:23  Supply Depot  
  33  3:25  Marine  
  35  3:29  Marine x2  
  35  3:34  Marine  
  38  3:46  Marine x2  
  38  3:47  Marine x2  
  41  4:06  Marine x4  
  41  4:07  Marine  
  43  4:24  Marine x3  
  41  4:27  Marine  
  41  4:43  Marine x4  
  41  4:45  Marine  
  44  5:01  Marine x4  
  44  5:03  Marine  
  49  5:19  Marine x4  
  49  5:21  Marine  
  50  5:36  Marine  
Tags
 
Add a new tag
Caveats
  • Supply blocks, unpowered buildings, or Contaminate may cause inaccurate times.
  • Supply counts are checked every 10 seconds.